 Dungeon Crawl Stone Soup version 0.24-a0-715-g0b739ee41d (webtiles) character file.

Game seed: 1681339672463496483, levelgen mode: deterministic

9820 Marnok the Basher (level 11, -12/95 HPs)
             Began as a Minotaur Fighter on Sept 30, 2019.
             Was a Believer of Ru.
             Mangled by a blink frog (15 damage)
             ... on level 1 of the Lair of Beasts.
             The game lasted 00:43:17 (11029 turns).

Marnok the Basher (Minotaur Fighter)               Turns: 11029, Time: 00:43:18

Health: -12/95     AC: 16    Str: 24    XL:     11   Next: 28%
Magic:  10/10      EV: 14    Int:  5    God:    Ru [**....]
Gold:   731        SH: 12    Dex: 10    Spells: 9/10 levels left

rFire    . . .     SeeInvis .   n - +4 mace (protect)
rCold    . . .     Gourm    .   c - +0 shield
rNeg     . . .     Faith    .   D - +0 troll leather armour
rPois    .         Spirit   .   t - +1 hat
rElec    .         Reflect  .   j - +0 cloak
rCorr    .         Harm     .   o - +0 pair of gloves
MR       +....                  (no boots)
Stlth    ++........             (no amulet)
HPRegen  0.65/turn              a - ring of protection from magic
MPRegen  0.12/turn              (no ring)

@: lethally poisoned (-12 -> -26), about to teleport, marked, protection aura,
very slightly contaminated, studying Throwing
A: retaliatory headbutt, horns 2, screaming 1, hated by all
a: Renounce Religion


You were on level 1 of the Lair of Beasts.
You worshipped Ru.
Ru was pleased with you.
You were very hungry.

You visited 2 branches of the dungeon, and saw 13 of its levels.
You also visited: Sewer.

You collected 731 gold pieces.

Inventory:

Hand Weapons
 i - a +4 scimitar of flaming
 n - a +4 mace of protection (weapon)
 u - a +2 short sword of venom
 E - a +2 long sword of pain
 G - a cursed -2 flail
 H - a +2 hand axe of chopping
 I - a +1 short sword of speed
 L - a +0 quarterstaff of freezing
Missiles
 k - 11 boomerangs (quivered)
Armour
 c - a +0 shield (worn)
 e - a +4 ring mail of fire resistance
 j - a +0 cloak (worn)
 o - a +0 pair of gloves (worn)
 t - a +1 hat (worn)
 D - a +0 troll leather armour (worn)
 F - a +3 leather armour
 M - a +1 robe of cold resistance
Magical Staves
 p - an uncursed staff of conjuration {unknown}
Jewellery
 a - a ring of protection from magic (left hand)
 b - an uncursed ring of ice
 z - an uncursed ring of ice
Wands
 d - a wand of disintegration (7)
 x - a wand of paralysis (8)
 C - a wand of random effects (42)
Scrolls
 h - 6 scrolls of remove curse
 w - 2 scrolls of amnesia
 A - a scroll of blinking
 B - a scroll of magic mapping
Potions
 l - a potion of flight
 m - a potion of agility
 q - a potion of lignification
 s - a potion of ambrosia
 J - a potion of cancellation
Books
 y - a manual of Throwing
Comestibles
 f - 20 rations


   Skills:
 + Level 8.9 Fighting
 + Level 6.2 Long Blades
 + Level 11.3 Maces & Flails
 + Level 7.4 Armour
 + Level 7.1 Dodging
 + Level 2.2 Stealth
 + Level 10.7 Shields
 + Level 1.1 Unarmed Combat


You had 9 spell levels left.
You knew the following spells:

 Your Spells              Type           Power        Failure   Level  Hunger
a - Apportation           Tloc           #.....       71%         1    ##.....

Your spell library contained the following spells:

 Spells                   Type           Power        Failure   Level  Hunger
 Confusing Touch          Hex            #.....       71%         1    ##.....
 Corona                   Hex            #......      71%         1    ##.....
 Magic Dart               Conj           #...         71%         1    ##.....
 Sandblast                Erth           #.....       71%         1    ##.....
 Passwall                 Tmut/Erth      #.......     83%         2    ###....
 Searing Ray              Conj           #.....       83%         2    ###....
 Slow                     Hex            #.......     83%         2    ###....
 Confuse                  Hex            #.......     97%         3    ####...
 Dazzling Spray           Conj/Hex       #.....       97%         3    ####...
 Gell's Gravitas          Tloc           #.........   97%         3    ####...
 Inner Flame              Hex/Fire       #.......     97%         3    ####...
 Portal Projectile        Hex/Tloc       #.....       97%         3    ####...
 Stone Arrow              Conj/Erth      #.....       97%         3    ####...
 Cause Fear               Hex            #.........   100%        4    #####..
 Force Lance              Conj/Tloc      #.......     100%        4    #####..
 Fulminant Prism          Conj/Hex       #.........   100%        4    #####..
 Iskenderun's Mystic Bla  Conj           #.......     100%        4    #####..
 Leda's Liquefaction      Hex/Erth       #.........   100%        4    #####..
 Petrify                  Tmut/Erth      #.......     100%        4    #####..
 Lee's Rapid Deconstruct  Erth           #.........   100%        5    ######.
 Metabolic Englaciation   Hex/Ice        #.........   100%        5    ######.
 Yara's Violent Unravell  Hex/Tmut       #.........   100%        5    ######.
 Animate Skeleton         Necr           Unusable     N/A         1    N/A
 Summon Small Mammal      Summ           Unusable     N/A         1    N/A

Dungeon Overview and Level Annotations

Branches:
Dungeon (12/15)            Temple (0/1) D:7            Lair (1/6) D:11
  Sewer (visited)
    Orc: D:9-12

Altars:
Fedhas
Gozag
Makhleb
Ru
Sif Muna
Yredelemnul

Shops:
D:7 (   D:11 %

Annotations:
D:10 Snorg


Innate Abilities, Weirdness & Mutations

You reflexively headbutt those who attack you in melee.
You have a pair of horns on your head.
You occasionally shout uncontrollably at your foes.
You are hated by all.


Message History

As you read the scroll of teleportation, it crumbles to dust.
You feel strangely unstable.
* * * LOW HITPOINT WARNING * * *
You feel sick. You block the black mamba's attack.
A blink frog comes into view.
You block the spiny frog's attack.
The black mamba bites the fungus!!
The blink frog blinks!
The black mamba bites you.
* * * LOW HITPOINT WARNING * * *
As you read the scroll of fog, it crumbles to dust.
The scroll dissolves into smoke.
* * * LOW HITPOINT WARNING * * *
You feel very sick.
The black mamba bites the fungus!!
The fungus is destroyed!
You block the black mamba's attack.
A blink frog comes into view.
You block the spiny frog's attack.
You redirect the blink frog's attack!
The blink frog hits you!
You die...

#..# #..........F...
##..# #..............
...####...Y..........
#....................
#........F...........
#..###.....§.......F.
#..# ##F.............
#..###S....FF.......)
##..##@FS§#####.##....
#P..§§FF§.# ##
##...§§...# #........#
#........#
##.........#
#.........##
#...........
##..........


You could see 2 black mambas, a yak, 4 spiny frogs and 3 blink frogs.

Vanquished Creatures
  A hydra (D:11)
  Fannar (Lair:1)
  A two-headed ogre (D:11)
  Erica (D:9)
  Maurice (D:9)
  2 trolls
  2 tengu conjurers (D:10)
  Grinder (D:6)
  A slime creature (D:11)
  A hippogriff (D:10)
  Sigmund (D:3)
  A wyvern (Lair:1)
  4 yaks (D:9)
  A porcupine (Lair:1)
  4 orc warriors
  An eye of draining (D:8)
  An ice beast (D:5)
  A phantom (D:8)
  2 sky beasts
  A centaur (D:9)
  6 ogres
  A crocodile (D:10)
  A big kobold (D:11)
  Blork the orc (D:6)
  6 bullfrogs
  A water moccasin skeleton (D:9)
  3 scorpions
  6 killer bees
  3 howler monkeys (D:7)
  3 crimson imps
  2 jellies
  A quasit (D:5)
  7 hounds
  6 orc priests
  2 bullfrog skeletons
  4 centaur skeletons
  Natasha (D:4)
  3 iguanas
  12 orc wizards
  6 worker ants
  A hound skeleton (D:10)
  A worker ant zombie (D:10)
  3 gnolls
  8 adders
  A river rat (D:6)
  4 shadow imps
  4 oozes (Sewer)
  An adder zombie (D:7)
  4 worms
  4 dart slugs
  6 leopard geckos
  53 orcs
  9 bats
  11 giant cockroaches
  6 goblins
  10 hobgoblins
  20 jackals
  15 kobolds
  5 quokkas
  7 ball pythons
  9 frilled lizards
  A jackal zombie (D:5)
  A quokka skeleton (D:4)
  8 rats
296 creatures vanquished.

Vanquished Creatures (others)
  A fungus (Lair:1)
1 creature vanquished.

Grand Total: 297 creatures vanquished

Notes
Turn   | Place    | Note
-------+----------+-------------------------------------------
     0 | D:1      | Marnok the Minotaur Fighter began the quest for the Orb.
     0 | D:1      | Reached XP level 1. HP: 19/19 MP: 0/0
    60 | D:1      | Reached XP level 2. HP: 26/27 MP: 1/1
   289 | D:1      | Reached XP level 3. HP: 26/33 MP: 2/2
  1213 | D:2      | Reached XP level 4. HP: 40/40 MP: 3/3
  1771 | D:3      | Noticed Sigmund
  1780 | D:3      | Killed Sigmund
  1780 | D:3      | Reached skill level 5 in Long Blades
  1780 | D:3      | Reached skill level 1 in Dodging
  1780 | D:3      | Reached XP level 5. HP: 22/47 MP: 4/4
  1780 | D:3      | Reached XP level 6. HP: 25/53 MP: 5/5
  2018 | D:3      | Reached skill level 1 in Stealth
  2381 | D:3      | Reached skill level 5 in Fighting
  2661 | D:4      | Noticed Natasha
  2710 | D:5      | Entered Level 5 of the Dungeon
  2710 | D:5      | Found a basalt altar of Yredelemnul.
  2916 | D:5      | Noticed an ice beast
  3186 | D:4      | Killed Natasha
  3186 | D:4      | Reached skill level 5 in Armour
  3186 | D:4      | Reached skill level 5 in Shields
  3361 | D:5      | Reached XP level 7. HP: 11/61 MP: 6/6
  3691 | D:5      | Reached skill level 1 in Maces & Flails
  3990 | D:6      | Found a glowing drain.
  3997 | D:6      | Reached skill level 2 in Maces & Flails
  4011 | Sewer    | Entered a sewer
  4217 | Sewer    | Reached XP level 8. HP: 70/70 MP: 7/7
  4516 | D:6      | Noticed Blork the orc
  5067 | D:6      | Killed Blork the orc
  5179 | D:7      | Found an opulent altar of Gozag.
  5179 | D:7      | Found a shimmering blue altar of Sif Muna.
  5179 | D:7      | Found a blossoming altar of Fedhas.
  5183 | D:6      | Noticed Grinder
  5191 | D:6      | Killed Grinder
  5191 | D:6      | Reached skill level 3 in Maces & Flails
  5293 | D:6      | Reached skill level 4 in Maces & Flails
  5293 | D:6      | Reached skill level 1 in Unarmed Combat
  5498 | D:7      | Found a sacrificial altar of Ru.
  5514 | D:7      | Became a worshipper of Ru the Awakened
  5538 | D:7      | Reached skill level 5 in Maces & Flails
  5585 | D:7      | Found Kydoq's Weapon Boutique.
  5716 | D:7      | Reached XP level 9. HP: 78/78 MP: 8/8
  5837 | D:7      | Reached skill level 6 in Maces & Flails
  5954 | D:7      | Found a staircase to the Ecumenical Temple.
  6275 | D:8      | Gained mutation: You occasionally shout uncontrollably at
                  | your foes. [Ru sacrifice]
  6361 | D:8      | Reached skill level 7 in Maces & Flails
  6620 | D:8      | Reached skill level 5 in Dodging
  6983 | D:9      | Reached skill level 8 in Maces & Flails
  7022 | D:9      | Noticed a troll
  7038 | D:9      | Killed a troll
  7038 | D:9      | Reached XP level 10. HP: 42/86 MP: 9/9
  7117 | D:10     | Entered Level 10 of the Dungeon
  7175 | D:9      | Noticed Erica
  7207 | D:9      | HP: 4/86 [poisoned by Erica (bolt of poison)]
  7212 | D:9      | Learned a level 1 spell: Apportation
  7212 | D:9      | HP: 2/86 [poisoned by Erica (bolt of poison)]
  7217 | D:9      | HP: 1/86 [poisoned by Erica (bolt of poison)]
  7224 | D:9      | HP: 1/86 [poisoned by Erica (bolt of poison)]
  7228 | D:9      | Killed Erica
  7228 | D:9      | Reached skill level 9 in Maces & Flails
  7232 | D:9      | HP: 1/88 [poisoned by Erica (bolt of poison)]
  7677 | D:9      | Noticed Maurice
  7696 | D:9      | Killed Maurice
  8507 | D:10     | Reached skill level 10 in Maces & Flails
  8619 | D:11     | Found a staircase to the Lair.
  8619 | D:11     | Noticed Snorg
  8890 | D:10     | Found a burning altar of Makhleb.
  8890 | D:10     | Noticed a green death
  8893 | D:10     | Noticed an orange demon
  9135 | D:10     | Gained mutation: You are hated by all. [Ru sacrifice]
  9135 | D:10     | Reached * piety under Ru
  9135 | D:10     | Reached ** piety under Ru
 10006 | D:11     | Found Xeack's Food Boutique.
 10048 | D:11     | Noticed a four-headed hydra
 10060 | D:11     | Killed a four-headed hydra
 10060 | D:11     | Reached skill level 10 in Shields
 10060 | D:11     | Reached XP level 11. HP: 49/95 MP: 10/10
 10292 | D:11     | Noticed a two-headed ogre
 10306 | D:11     | Killed a two-headed ogre
 10306 | D:11     | Reached skill level 11 in Maces & Flails
 10857 | Lair:1   | Entered Level 1 of the Lair of Beasts
 10885 | Lair:1   | Noticed Fannar
 10916 | Lair:1   | Killed Fannar
 11002 | Lair:1   | Found the ring of the Mage {Wiz MR++ Int+3}
 11029 | Lair:1   | HP: 3/95 [poisoned by a spiny frog]
 11029 | Lair:1   | Mangled by a blink frog

Levels and vault maps discovered:
D:1:      arrival_zaba_pyramid, layout_basic
D:2:      layout_loops_corners
D:3:      layout_rooms, first_ration, kennysheep_generic_room_10, uniq_sigmund
D:4:      layout_loops_ring, wad_floor_pattern_untrapped, uniq_natasha
D:5:      layout_rooms, basic_altar
D:6:      layout_rooms, cheibrodos_sewer_entry_sluice,
          chequers_serial_rivers_marsh, uniq_blork_the_orc, uniq_grinder
D:7:      layout_rooms, grunt_temple_overflow_open,
          minmay_temple_entry_offerings, serial_shops,
          nicolae_shop_behind_doors, minmay_manual_mail
D:8:      layout_loops_corners, serial_park_tiny_2
D:9:      layout_long_grid, grunt_ogre_cave, uniq_erica, uniq_maurice
D:10:     layout_cave_pods, special_room [special_room_orc],
          makhleb_altar_promises_db
D:11:     layout_basic, lair_entry_dummy, serial_shops, nicolae_shop_trees,
          serial_rivers, chequers_serial_rivers_micro_b,
          chequers_serial_rivers_marsh, chequers_serial_rivers_micro_e,
          chequers_serial_rivers_micro_e, kennysheep_decorative_pillar,
          uniq_snorg
D:12:     layout_rooms, minmay_orc_entry_guard_dogs, uniq_rupert
Lair:1:   layout_small_grid, nicolae_volcano_entry_two_sided, uniq_fannar

Skill      XL: |  1  2  3  4  5  6  7  8  9 10 11 |
---------------+----------------------------------+-----
Shields        | 4 5 6 7 8 10 | 10.7
Armour         | 4 5 6 7 |  7.4
Fighting       | 4 5 6 7 8 |  8.9
Long Blades    | 3 5 6 |  6.2
Dodging        | 1 3 4 5 6 7 |  7.1
Stealth        | 1 2 |  2.2
Maces & Flails | 2 5 8 10 11 | 11.3
Unarmed Combat | 1 |  1.1

Action                   |  1- 3 |  4- 6 |  7- 9 | 10-12 || total
-------------------------+-------+-------+-------+-------++-------
Melee: Long sword        |    95 |   129 |       |       ||   224
       Headbutt          |    19 |    24 |    66 |    73 ||   182
       Mace              |       |    14 |   353 |   344 ||   711
       Unarmed           |       |       |    19 |       ||    19
Throw: Boomerang         |       |       |       |     2 ||     2
Invok: Sacrifice Purity  |       |       |     1 |       ||     1
       Sacrifice Love    |       |       |       |     1 ||     1
Evoke: Wand              |       |       |       |     1 ||     1
  Use: Potion            |       |     9 |     8 |     5 ||    22
       Scroll            |       |    11 |     6 |    10 ||    27
  Eat: Chunk             |     1 |     7 |    13 |     8 ||    29
       Ration            |       |       |       |     1 ||     1
Armor: Scale mail        |    41 |    27 |       |       ||    68
       Ring mail         |       |    33 |   167 |    49 ||   249
       Troll leather arm |       |       |       |    61 ||    61
Dodge: Dodged            |    34 |    50 |   173 |   176 ||   433
Block: Shield            |    62 |    80 |   226 |   246 ||   614
       Rpst.: Long sword |    10 |    10 |       |       ||    20

Table legend:
 A = Non-vault XP
 B = Vault XP
 C = Vault XP percentage of total XP
 D = Non-vault monster count
 E = Vault monster count
 F = Vault count percentage of total count
                 A         B        C        D         E       F
            +---------+---------+-------+---------+---------+-------
      Total |   10569 |    3460 |  24.7 |     235 |      61 |  20.6
            +---------+---------+-------+---------+---------+-------
        D:1 |      65 |       0 |   0.0 |      32 |       0 |   0.0
        D:2 |      49 |       0 |   0.0 |      20 |       0 |   0.0
        D:3 |     214 |     233 |  52.1 |      31 |       2 |   6.1
        D:4 |      52 |      35 |  40.2 |      10 |       1 |   9.1
        D:5 |     793 |       0 |   0.0 |      21 |       0 |   0.0
        D:6 |     291 |     345 |  54.2 |      14 |       5 |  26.3
        D:7 |     697 |     153 |  18.0 |      17 |       3 |  15.0
        D:8 |    1112 |       0 |   0.0 |      21 |       0 |   0.0
        D:9 |    2209 |    1239 |  35.9 |      20 |       3 |  13.0
       D:10 |    2035 |     381 |  15.8 |      23 |      25 |  52.1
       D:11 |    2614 |       0 |   0.0 |      23 |       0 |   0.0
     Lair:1 |     438 |    1012 |  69.8 |       3 |       1 |  25.0
      Sewer |       0 |      62 | 100.0 |       0 |      21 | 100.0
            +---------+---------+-------+---------+---------+-------
